 Dungeon Crawl Stone Soup version 0.30.1-3-gfc49f6343a (webtiles) character file.

Game seed: 2037077634114429652

14201 spardeous the Thaumaturge (level 11, -6/74 HPs)
             Began as a Demigod Conjurer on Aug 5, 2023.
             Mangled by a vampire (11 damage)
             ... on level 10 of the Dungeon.
             The game lasted 00:23:16 (14924 turns).

spardeous the Thaumaturge (Demigod Conjurer)       Turns: 14924, Time: 00:23:16

Health: -6/74      AC: 11    Str: 12    XL:     11   Next: 55%
Magic:  1/30       EV:  9    Int: 28    God:
Gold:   834        SH:  0    Dex: 16    Spells: 25/32 levels left

rFire   + . .        z - +8 whip of Causality {heavy, Dex+4}
rCold   + . .        (no shield)
rNeg    . . .        F - +0 scale mail {rC+}
rPois   .            r - +0 helmet
rElec   .            s - +0 cloak
rCorr   .            (no gloves)
SInv    .            h - +2 pair of boots {Fly}
Will    ++...        m - amulet of regeneration
Stlth   +            J - ring of protection from fire
HPRegen 1.12/turn    M - ring of willpower
MPRegen 0.22/turn

%: no passive effects
@: about to teleport, flying, slowed, very slow
A: high MP 1, forlorn, divine attributes
a: no special abilities


You were on level 10 of the Dungeon.
You visited 1 branch of the dungeon, and saw 11 of its levels.

You collected 834 gold pieces.

Inventory:

Hand Weapons
 z - the +8 whip of Causality (weapon) {heavy, Dex+4}
   (You found it on level 4 of the Dungeon)

   Dex:       It affects your dexterity (+4).
 L - the +5 falchion "Siytzuig" {holy, Fly rF- rN+}
   (You found it on level 8 of the Dungeon)

   rF:        It makes you vulnerable to fire.
   rN:        It protects you from negative energy.
   Fly:       It grants you flight.
Missiles
 P - 2 throwing nets
Armour
 h - a +2 pair of boots of flying (worn)
 k - an orb of guile
 r - a +0 helmet (worn)
 s - a +0 cloak (worn)
 F - a +0 scale mail of cold resistance (worn)
Jewellery
 m - an amulet of regeneration (around neck)
 J - a ring of protection from fire (left hand)
 M - a ring of willpower (right hand)
Wands
 x - a wand of digging (7)
 y - a wand of paralysis (25)
 B - a wand of flame (43)
 E - a wand of mindburst (26)
Scrolls
 a - a scroll of vulnerability
 c - 2 scrolls of fear
 f - a scroll of silence
 i - 2 scrolls of immolation
 j - a scroll of teleportation
 l - a scroll of torment
 p - 2 scrolls of noise
 q - 3 scrolls of enchant armour
 t - 2 scrolls of identify
 u - a scroll of fog
 D - 2 scrolls of amnesia
 G - 2 scrolls of blinking
 H - 3 scrolls of enchant weapon
Potions
 b - a potion of magic
 d - a potion of ambrosia {unknown}
 e - 3 potions of resistance
 g - 2 potions of flight {unknown}
 n - 3 potions of curing
 o - 3 potions of invisibility {unknown}
 v - 4 potions of cancellation {unknown}
 w - 3 potions of heal wounds {unknown}
 A - 2 potions of lignification {unknown}
 C - 2 potions of attraction {unknown}
 I - a potion of degeneration {unknown}
 K - a potion of berserk rage {unknown}
 N - a potion of haste {unknown}
 O - a potion of might {unknown}


   Skills:
 - Level 1.7 Dodging
 - Level 1.7 Stealth
 - Level 11.3 Spellcasting
 + Level 8.1 Conjurations
 - Level 11.0 Translocations


You had 25 spell levels left.
You knew the following spells:

 Your Spells              Type           Power      Damage    Failure   Level
a - Magic Dart            Conj           100%       1d8       1%          1
b - Searing Ray           Conj           100%       2d8       1%          2
c - Iskenderun's Mystic   Conj/Tloc      62%        2d13      3%          4

Your spell library contained the following spells:

 Spells                   Type           Power      Damage    Failure   Level
 Portal Projectile        Hex/Tloc       92%        N/A       6%          3
 Dazzling Flash           Conj/Hex       76%        N/A       11%         3
 Stone Arrow              Conj/Erth      76%        3d11      11%         3
 Sandblast                Erth           30%        2d9       21%         1
 Slow                     Hex            60%        N/A       21%         1
 Cigotuvi's Dreadful Rot  Necr/Pois/Air  30%        N/A       30%         2
 Ensorcelled Hibernation  Hex/Ice        30%        N/A       30%         2
 Passwall                 Tmut/Erth      12%        N/A       30%         2
 Fulminant Prism          Conj/Hex       19%        3d10      36%         4
 Sticky Flame             Conj/Fire      38%        2d6       36%         4
 Confusing Touch          Hex            15%        N/A       52%         3
 Ignite Poison            Fire/Tmut/Pois 15%        N/A       52%         3
 Swiftness                Air            15%        N/A       52%         3
 Tukima's Dance           Hex            15%        N/A       52%         3
 Vampiric Draining        Necr           15%        2d7       52%         3
 Dispel Undead            Necr           15%        3d10      89%         4
 Blade Hands              Tmut           7%         N/A       99%         5
 Death Channel            Necr           7%         N/A       100%        6
 Ignition                 Fire           7%         3d5       100%        8


Dungeon Overview and Level Annotations

Branches:
Dungeon (11/15)            Temple (0/1) D:4            Lair (0/5) D:8
    Orc (0/2) D:10

Shops:
D:4 *

Annotations:
D:8 exclusion: statue


Innate Abilities, Weirdness & Mutations

You have an increased reservoir of magic. (+10% MP)
You shall have no god before yourself.
Your divine heritage dramatically boosts your attributes as you level up.


Message History

Something bites you but does no damage.
You take 3 damage, and have 34/74 hp.
Something hits you!
* * * LOW HITPOINT WARNING * * *
Something bites you.
* * * LOW HITPOINT WARNING * * *
Something draws strength from your injuries!
Things that are here:
3 poisoned darts; a +0 short sword You take 7 damage, and have 27/74 hp.
Something hits you but does no damage. Something bites you.
* * * LOW HITPOINT WARNING * * *
Something draws strength from your injuries!
You take 4 damage, and have 23/74 hp.
Casting: Iskenderun's Mystic Blast (dangerous; 3% risk of failure)
Confirm with . or Enter, or press ? or * to list all spells.
You erupt in a blast of force!
The mystic blast hits something but does no damage.
Something hits you.
* * * LOW HITPOINT WARNING * * *
Something bites you!
* * * LOW HITPOINT WARNING * * *
Something draws strength from your injuries!
Something hits you.
* * * LOW HITPOINT WARNING * * *
Something bites you but does no damage.
You take 13 damage, and have 10/74 hp.
You now have 1/30 mp.
As you read the scroll of teleportation, it crumbles to dust.
You feel strangely unstable. Something hits you.
* * * LOW HITPOINT WARNING * * *
Something bites you!
* * * LOW HITPOINT WARNING * * *
Something draws strength from your injuries!
You take 7 damage, and have 3/74 hp.
You feel better. Something hits you.
* * * LOW HITPOINT WARNING * * *
Something bites you but does no damage. Something hits you.
* * * LOW HITPOINT WARNING * * *
Something bites you!
You die...

######### #############
###..(....# #...>........
......###.# #.###########
##........######## #.# #
#..#.##..)[.....# #.# ##
#..#.##...#####.####.# #.
#..#.##...#
#@.....####### ##
#..#.##...#
#(.....^.....# #
##..#......#
#.>.....####.#
....#..###.# #........#
#.# .#<##..# #.#
#........# #.#
...##..###.# ##.....#.#
#.#
.####......######....##.#
#.#
############........###.#
#.# ...#..#.[#.######.###
#.# #.#####


There were no monsters in sight!

Vanquished Creatures
  4 two-headed ogres
  The ghost of leafyfresh the Covert, a novice GnDe (D:5)
  Maurice (D:8)
  An unseen horror (D:10)
  3 trolls
  A hornet (D:10)
  Grinder (D:5)
  Sigmund (D:5)
  3 shadows
  The ghost of TheDoctor the Conjurer, an amateur DECj (D:5)
  A wraith (D:11)
  5 wyverns (D:8)
  6 yaks (D:10)
  A vampire (D:11)
  3 vampire mosquitoes (D:10)
  5 steam dragons
  6 water moccasins
  7 orc warriors
  5 black bears
  4 ice beasts (D:6)
  A sky beast (D:6)
  7 ogres
  2 wolves (D:8)
  2 centaurs
  2 phantoms
  7 kobold brigands
  Blork the orc (D:5)
  2 gnoll sergeants (D:10)
  4 bullfrogs (D:8)
  5 scorpions
  9 wights
  4 killer bees
  2 electric eels (D:7)
  4 hounds
  3 jellies
  4 orc priests
  Ijyb (D:5)
  Natasha (thrice) (D:3)
  3 iguanas
  9 orc wizards
  Robin (D:2)
  8 gnolls
  6 adders
  A shadow imp (D:7)
  3 white imps
  An ufetubus (D:6)
  2 worms
  The ghost of Stellion the Sneak, a weakling KoDe (D:5)
  8 dart slugs
  47 orcs
  6 endoplasms
  3 giant cockroaches
  22 goblins
  12 hobgoblins
  3 jackals
  6 quokkas
  7 ball pythons
  9 bats
  7 frilled lizards
  20 kobolds
  7 rats
315 creatures vanquished.

Notes
Turn   | Place    | Note
-------+----------+-------------------------------------------
     0 | D:1      | spardeous the Demigod Conjurer began the quest for the Orb.
     0 | D:1      | Reached XP level 1. HP: 14/14 MP: 5/5
   313 | D:1      | Reached XP level 2. HP: 20/20 MP: 3/7
  1192 | D:1      | Reached XP level 3. HP: 26/26 MP: 7/9
  2216 | D:1      | Learned a level 2 spell: Searing Ray
  2323 | D:2      | Noticed Robin
  2335 | D:2      | Killed Robin
  2336 | D:2      | Reached XP level 4. HP: 28/33 MP: 6/11
  3533 | D:3      | Noticed Natasha
  3536 | D:3      | Killed Natasha
  3561 | D:3      | Noticed Natasha
  3567 | D:3      | Killed Natasha
  3568 | D:3      | Reached skill level 5 in Conjurations
  3568 | D:3      | Reached XP level 5. HP: 38/38 MP: 6/13
  3878 | D:3      | Noticed Natasha
  3884 | D:3      | Killed Natasha
  4056 | D:4      | Learned a level 4 spell: Iskenderun's Mystic Blast
  4058 | D:4      | Found a staircase to the Ecumenical Temple.
  4058 | D:4      | Found Suilir's Lightly-Used Armoury.
  4818 | D:4      | Noticed a black bear
  4834 | D:4      | Killed a black bear
  4835 | D:4      | Reached XP level 6. HP: 39/45 MP: 0/15
  5122 | D:4      | Identified the +8 whip of Causality {heavy, Dex+4}
  5206 | D:5      | Entered Level 5 of the Dungeon
  5298 | D:5      | Noticed Grinder
  5301 | D:5      | Paralysed by Grinder for 3 turns
  5310 | D:5      | Killed Grinder
  5311 | D:5      | Reached skill level 5 in Spellcasting
  5311 | D:5      | Reached XP level 7. HP: 35/50 MP: 5/18
  5593 | D:5      | Noticed Ijyb
  5598 | D:5      | Paralysed by Ijyb for 5 turns
  5607 | D:5      | Killed Ijyb
  5706 | D:5      | Noticed Sigmund
  5857 | D:5      | Killed Sigmund
  6097 | D:5      | Reached XP level 8. HP: 48/57 MP: 12/20
  6277 | D:5      | Noticed Blork the orc
  6288 | D:5      | Killed Blork the orc
  6618 | D:5      | Found a runed translucent gate.
  6618 | D:5      | Found a runed translucent gate.
  6619 | D:5      | Found a runed translucent gate.
  6622 | D:5      | Noticed leafyfresh's ghost (novice GnDe)
  6622 | D:5      | Noticed TheDoctor's ghost (amateur DECj)
  6622 | D:5      | Noticed Stellion's ghost (weakling KoDe)
  7228 | D:6      | Reached skill level 5 in Translocations
  7448 | D:6      | Reached XP level 9. HP: 62/62 MP: 12/22
  9887 | D:8      | Noticed a two-headed ogre
 10155 | D:8      | Killed a two-headed ogre
 10156 | D:8      | Reached skill level 10 in Translocations
 10156 | D:8      | Reached XP level 10. HP: 44/69 MP: 0/23
 10587 | D:8      | Found a staircase to the Lair.
 10621 | D:8      | Noticed Maurice
 10817 | D:8      | Killed Maurice
 11233 | D:8      | Identified the +5 falchion "Siytzuig" {holy, Fly rF- rN+}
 11243 | D:8      | Noticed a two-headed ogre
 11605 | D:8      | Killed a two-headed ogre
 12109 | D:5      | Killed Stellion's ghost
 12112 | D:5      | Killed TheDoctor's ghost
 12124 | D:5      | Killed leafyfresh's ghost
 12449 | D:9      | Noticed a two-headed ogre
 12461 | D:9      | Killed a two-headed ogre
 13079 | D:9      | Reached XP level 11. HP: 70/74 MP: 19/28
 13158 | D:10     | Entered Level 10 of the Dungeon
 13348 | D:10     | Found a staircase to the Orcish Mines.
 13414 | D:10     | Reached skill level 10 in Spellcasting
 14633 | D:10     | Noticed a two-headed ogre
 14666 | D:10     | Killed a two-headed ogre
 14923 | D:10     | HP: 3/74 [something (7)]
 14924 | D:10     | Mangled by a vampire

Illustrated notes

Levels and vault maps discovered:
D:1:      lightli_molten_gateway, layout_loops_ring, roderic_roman_lattice,
          minmay_box_of_dots
D:2:      layout_loops_corners, basic_altar, uniq_robin
D:3:      layout_basic, overflow_temple_1_default, minmay_surrounded,
          uniq_natasha
D:4:      layout_loops_corners, mainiacjoe_overflow_alcove_4,
          lemuel_coloured_pillars_altar, temple_statues, minmay_shop_damaged
D:5:      layout_loops_ring, gammafunk_ghost_cemetery, uniq_grinder,
          uniq_sigmund, uniq_blork_the_orc, uniq_ijyb
D:6:      minmay_chambers_of_threes, layout_cave_pools,
          mainiacjoe_overflow_small_starburst
D:7:      layout_loops_cross, mainiacjoe_overflow_six_doors_small,
          minmay_gold_behind_fungi, kennysheep_generic_room_6
D:8:      layout_cave_pools, nicolae_ashenzari_skybound, vehumet_statue,
          tso_metal_star, minmay_lair_entry_grove, chequers_hall_statues_wall_a,
          grunt_tough_drop, uniq_maurice
D:9:      layout_rooms, mainiacjoe_overflow_24_doors
D:10:     minmay_razor_zed, layout_loops_ring,
          kennysheep_orc_monster_closet_entryway, enter_bailey_3
D:11:     minmay_wavy_crystal, layout_basic, uniq_josephine, uniq_erolcha,
          uniq_erica, uniq_grum

Skill      XL: |  1  2  3  4  5  6  7  8  9 10 11 |
---------------+----------------------------------+-----
Spellcasting   | 2 3 4 5 6 9 11 | 11.3
Conjurations   | 4 5 6 7 8 |  8.1
Translocations | 6 10 11 | 11.0
Dodging        | |  1.7
Stealth        | |  1.7

Action                     |  1- 3 |  4- 6 |  7- 9 | 10-12 || total
---------------------------+-------+-------+-------+-------++-------
  Melee: Unarmed           |    30 |     4 |       |       ||    34
         Whip              |       |       |    14 |    55 ||    69
   Cast: Magic Dart        |    98 |   130 |   137 |       ||   365
         Searing Ray       |     3 |     7 |    56 |     1 ||    67
         Iskenderun's Myst |       |       |    29 |   144 ||   173
    Use: Potion            |       |       |       |     5 ||     5
         Scroll            |       |       |       |    14 ||    14
 Armour: Robe              |    26 |       |       |       ||    26
         Ring mail         |       |    65 |    40 |       ||   105
         Scale mail        |       |       |    24 |   126 ||   150
  Dodge: Dodged            |    46 |    58 |    77 |   115 ||   296
